 Dungeon Crawl Stone Soup version 0.30-a0-137-gd8773701ce (webtiles) character file.

Game seed: 10344715840667496033

385 Dreamer the Changer (level 6, -16/44 (45) HPs)
             Began as an Octopode Transmuter on Sept 22, 2022.
             Was an Initiate of Cheibriados.
             Blown up by a great orb of eyes (36 damage)
             ... with a mindburst bolt
             ... on level 3 of the Abyss.
             The game lasted 00:10:34 (4470 turns).

Dreamer the Changer (Octopode Transmuter)           Turns: 4470, Time: 00:10:34

HP:   -16/44 (45)   AC:  7    Str: 10    XL:     6   Next: 77%
MP:   5/9           EV: 25    Int: 19    God:    Cheibriados [......]
Gold: 162           SH:  0    Dex: 13    Spells: 1/9 levels left

rFire   x . .      SeeInvis .      - Unarmed
rCold   + + +      Faith    .    (shield currently unavailable)
rNeg    . . .      Spirit   .    (helmet currently unavailable)
rPois   +          Reflect  .    p - amulet of the acrobat
rElec   .          Harm     .    q - ring of poison resistance
rCorr   .          Rampage  .    s - ring of wizardry
Will    .....                    (no ring)
Stlth   +.........               (no ring)
HPRegen 0.14/turn                (no ring)
MPRegen 0.11/turn                (no ring)
                                 (no ring)
                                 (no ring)

@: ice-form (expiring), acrobatic, lightly drained, very slow
A: freezing attack, boosted hp, almost no armour, amphibious, 8 rings, large,
(camouflage 1), (gelatinous body 1), (nimble swimmer 1), (tentacles)
a: End Transformation, Renounce Religion


You were on level 3 of the Abyss.
You worshipped Cheibriados.
Cheibriados was noncommittal.
You were a creature of crystalline ice.
You visited 2 branches of the dungeon, and saw 5 of its levels.
You visited the Abyss 1 time.

You collected 162 gold pieces.

Inventory:

Hand Weapons
 t - a +4 quarterstaff (melded)
Missiles
 f - 6 javelins
Jewellery
 p - an amulet of the acrobat (around neck)
 q - a ring of poison resistance (left front paw)
 s - a ring of wizardry (right front paw)
Scrolls
 b - 4 scrolls of teleportation
 d - 3 scrolls of enchant armour {unknown}
 g - a scroll of poison {unknown}
 j - a scroll of summoning {unknown}
 l - 2 scrolls of vulnerability {unknown}
 m - a scroll of magic mapping {unknown}
 r - a scroll of enchant weapon {unknown}
Potions
 a - 2 potions of lignification
 c - a potion of haste
 e - 4 potions of curing
 h - a potion of might
 k - a potion of cancellation
 n - a potion of heal wounds {unknown}
 o - a potion of magic {unknown}


   Skills:
 - Level 1.0 Fighting
 - Level 2.0 Dodging
 * Level 3.0 Unarmed Combat
 + Level 2.0 Spellcasting
 + Level 6.2 Transmutations
 - Level 3.0 Ice Magic


You had one spell level left.
You knew the following spells:

 Your Spells              Type           Power      Damage    Failure   Level
a - Beastly Appendage     Tmut           50%        N/A       1%          1
b - Ozocubu's Armour      Ice            13%        N/A       6%          3
c - Ice Form              Ice/Tmut       19%        N/A       11%         4

Your spell library contained the following spells:

 Spells                   Type           Power      Damage    Failure   Level
 Freeze                   Ice            52%        1d7       1%          1
 Wereblood                Tmut           25%        N/A       1%          2
 Frozen Ramparts          Ice            26%        1d4       6%          3
 Spider Form              Tmut/Pois      13%        N/A       6%          3
 Gell's Gravitas          Tloc           1%         N/A       21%         3
 Lesser Beckoning         Tloc           1%         N/A       21%         3
 Teleport Other           Tloc           1%         N/A       21%         3
 Hailstorm                Conj/Ice       7%         3d4       32%         4
 Metabolic Englaciation   Hex/Ice        3%         N/A       65%         5
 Simulacrum               Ice/Necr       3%         N/A       99%         6


Dungeon Overview and Level Annotations

Branches:
Dungeon (4/15)             Temple (1/1) D:4

Altars:
Ashenzari
Cheibriados
Dithmenos
Elyvilon
Fedhas
Gozag
Hepliaklqana
Kikubaaqudgha
Makhleb
Okawaru
Qazlal
Ru
Sif Muna
Trog
Vehumet
Wu Jian
Xom
Yredelemnul

Shops:
D:3 (


Innate Abilities, Weirdness & Mutations

You are a creature of crystalline ice.
You have a powerful freezing melee attack.
Your maximum health is increased.
Your armour is entirely melded.
You are incapable of wielding weapons or throwing items.
You cannot wear most types of armour.
You are amphibious.
You can wear up to eight rings at the same time.
((Your skin changes colour to match your surroundings (Stealth+).))
((Your rubbery body absorbs attacks. (AC +1, EV +1)))
((You are camouflaged when in or above water. (Stealth+)))
((You have tentacles for arms and can constrict up to eight enemies at once.))


Message History

The wight barely misses you.
You hit the wight but do no damage.
The wight is severely damaged.
The wight hits you with a +0 battleaxe of distortion.
You feel drained.
You are cast into the Abyss!
This branch contains the abyssal rune of Zot.
Your icy armour cracks and falls away as you move.
Press: ? - help, v - describe, . - travel An empty arch of ancient stone.
Press: ? - help, . - travel You can't see that place.
Found a gateway leading deeper into the Abyss.
There is a gateway leading deeper into the Abyss here.
You can't go up here!
You plunge deeper into the Abyss.
The abyssal rune of Zot can be found at this depth.
The abyssal matter surrounding you shimmers strangely.
You detect the abyssal rune!
Found a runelight.
Tentacles burst from the starspawn's body! 2 starspawn tentacles come into view.
You open the large door.
Found a shimmering blue altar of Sif Muna.
There is a large open door here.
Tentacles burst from the starspawn's body! 2 starspawn tentacles come into view.
There is a shimmering blue altar of Sif Muna here.
A great orb of eyes comes into view.
Your transformation is almost over.
The great orb of eyes turns its gaze towards you.
The great orb of eyes gazes at you.
You feel your power leaking away.
The starspawn tentacle barely misses you.
Found two items.
Found Sif Muna's Book of the Wayfarer.
The great orb of eyes gazes at you.
Your mind is blasted!
Ouch! That really hurt!
You die...

#.###.. #..# .. .
#?..#... #.. .#. .
..:...# #.. .##.
..#... .### #....
####...# #...###..
#:..#..######...#.# X
#.....G....#'.#.#.#..
. #....w_w'.... .....
##Y##..##....#.#.#.
#######......## .
......#### .. ##...#
... #.... #.. ......
.. ...#


You could see a great orb of eyes and 2 starspawn tentacles.

Vanquished Creatures
  4 wights (D:4)
  An orc priest (D:4)
  An iguana (D:4)
  3 adders (D:3)
  A shadow imp (D:4)
  2 worms (D:2)
  3 dart slugs
  8 orcs
  4 ball pythons
  4 endoplasms
  8 giant cockroaches
  5 hobgoblins
  5 kobolds
  2 quokkas
  10 bats
  5 frilled lizards
  2 goblins
  3 rats (D:1)
71 creatures vanquished.

Vanquished Creatures (others)
  2 starspawn tentacles (Abyss:3)
2 creatures vanquished.

Grand Total: 73 creatures vanquished

Notes
Turn   | Place    | Note
-------+----------+-------------------------------------------
     0 | D:1      | Dreamer the Octopode Transmuter began the quest for the
                  | Orb.
     0 | D:1      | Reached XP level 1. HP: 13/13 MP: 3/3
   352 | D:1      | Found a faded altar of an unknown god.
   397 | D:1      | Reached XP level 2. HP: 6/18 MP: 5/5
  1040 | D:1      | Reached skill level 1 in Ice Magic
  1218 | D:2      | Reached skill level 3 in Transmutations
  1316 | D:2      | Reached XP level 3. HP: 19/23 MP: 6/6
  2281 | D:3      | Reached XP level 4. HP: 19/28 MP: 7/7
  2401 | D:3      | Found Rociku's Antique Weapon Shoppe.
  2778 | D:3      | Reached skill level 4 in Transmutations
  3115 | D:4      | Reached XP level 5. HP: 20/33 MP: 8/8
  3723 | D:4      | Learned a level 3 spell: Ozocubu's Armour
  3728 | D:4      | Learned a level 4 spell: Ice Form
  3896 | D:4      | Found a staircase to the Ecumenical Temple.
  3914 | Temple   | Entered the Ecumenical Temple
  4098 | Temple   | Became a worshipper of Cheibriados the Contemplative
  4220 | D:4      | Reached skill level 5 in Transmutations
  4220 | D:4      | Reached XP level 6. HP: 31/38 MP: 4/9
  4355 | D:4      | Reached skill level 6 in Transmutations
  4355 | D:4      | Found a hazy altar of Hepliaklqana.
  4440 | Abyss:2  | Cast into level 2 of the Abyss (wight)
  4455 | Abyss:3  | Noticed a tentacled starspawn
  4463 | Abyss:3  | Found a shimmering blue altar of Sif Muna.
  4467 | Abyss:3  | Noticed a great orb of eyes
  4470 | Abyss:3  | Blown up by a great orb of eyes

Illustrated notes

Levels and vault maps discovered:
D:1:      matt_arrival_refuge, layout_loops_ring, basic_ecumenical_altar,
          minmay_tromino_v4_a
D:2:      layout_basic, minmay_misc_feat_roman, st_stairs_4
D:3:      layout_basic, serial_shops, nicolae_shop_waterfront
D:4:      layout_loops_cross, nicolae_hepliaklqana_hazy_memory,
          temple_fountains, minmay_misc_feat_alley
Temple:   bh_familiar_temple
Abyss:3:  base: D:3, hangedman_abyss_lost_library,
          nicolae_abyss_rune_star_stuff, spicy_abyss_planar_alliance

Skill      XL: |  1  2  3  4  5  6 |
---------------+-------------------+-----
Ice Magic      | 1 2 3 |  3.0
Transmutations | 3 4 5 6 |  6.2
Fighting       | |  1.0
Dodging        | |  2.0
Unarmed Combat | |  3.0
Spellcasting   | |  2.0

Action                   |  1- 3 |  4- 6 || total
-------------------------+-------+-------++-------
Melee: Club              |    17 |       ||    17
       Unarmed           |     9 |    25 ||    34
       Constrict         |    25 |    13 ||    38
       Kick              |     2 |       ||     2
       Tentacles         |    19 |    12 ||    31
       Punch             |     1 |     1 ||     2
       Falchion          |    70 |    51 ||   121
       Quarterstaff      |       |     1 ||     1
 Cast: Beastly Appendage |     3 |       ||     3
       Ice Form          |       |     4 ||     4
       Ozocubu's Armour  |       |     2 ||     2
  Use: Scroll            |       |     5 ||     5
 Stab: Sleeping          |     5 |     6 ||    11
Armor: Skin              |    11 |     7 ||    18
Dodge: Dodged            |    72 |    46 ||   118

Table legend: (Time is in decaauts)
 A = Elapsed time spent in this place.
 B = Non-inter-level travel time spent in this place.
 C = Inter-level travel time spent in this place.
 D = Time resting spent in this place.
 E = Time spent auto-exploring this place.
 F = Levels seen in this place.
 G = Mean time per level.
                   A        B        C        D        E       F      G
               +--------+--------+--------+--------+--------+-----+--------+
         Total |   4558 |   4450 |    108 |    909 |   2744 |   7 |  651.1 |
       Dungeon |   4299 |   4244 |     55 |    909 |   2589 |   4 | 1074.8 |
        Temple |    223 |    170 |     53 |      0 |    155 |   1 |  223.0 |
         Abyss |     36 |     36 |      0 |      0 |      0 |   2 |   18.0 |
               +--------+--------+--------+--------+--------+-----+--------+

Top non-repeatable levels by time:
     D:4: 1178 daAuts
     D:3: 1129 daAuts
     D:1: 1094 daAuts
     D:2: 896 daAuts
  Temple: 223 daAuts
 Abyss:3: 18 daAuts
 Abyss:2: 18 daAuts
